 Dungeon Crawl Stone Soup version 0.27-a0-1193-g8631133539 (webtiles) character file.

Game seed: 11371838198864947681

23 rjrrt the Chopper (level 2, 0/24 HPs)
             Began as a Demonspawn Berserker on May 26, 2021.
             Was a Follower of Trog.
             Slain by a quokka (5 damage)
             ... on level 4 of the Dungeon.
             The game lasted 00:01:19 (939 turns).

rjrrt the Chopper (Demonspawn Berserker)             Turns: 939, Time: 00:01:20

Health: 0/24       AC:  2    Str: 17    XL:     2   Next: 72%
Magic:  2/2        EV: 12    Int:  8    God:    Trog [*.....]
Gold:   66         SH:  0    Dex: 12    Spells: 1/1 levels left

rFire    . . .     SeeInvis .   a - +0 hand axe
rCold    . . .     Faith    .   (no shield)
rNeg     . . .     Spirit   .   b - +0 animal skin
rPois    .         Reflect  .   (no helmet)
rElec    .         Harm     .   (no cloak)
rCorr    .         Rampage  .   (no gloves)
Will     .....                  (no boots)
Stlth    +.........             (no amulet)
HPRegen  0.08/turn              (no ring)
MPRegen  0.08/turn              (no ring)

@: no status effects
A: demonic magic 1
a: Renounce Religion, Berserk


You were on level 4 of the Dungeon.
You worshipped Trog.
Trog was aware of your devotion.
You visited 1 branch of the dungeon, and saw 4 of its levels.

You collected 66 gold pieces.

Inventory:

Hand Weapons
 a - a +0 hand axe (weapon)
Armour
 b - a +0 animal skin (worn)
Jewellery
 c - a ring of magical power
Scrolls
 e - a scroll of enchant armour {unknown}
 f - a scroll of summoning {unknown}
 g - a scroll of fear
Potions
 d - a potion of berserk rage {unknown}


   Skills:
 - Level 3.0 Fighting
 + Level 3.7 Axes
 - Level 1.7 Armour
 - Level 1.7 Dodging


You had one spell level left.
You didn't know any spells.
Your spell library was empty.

Dungeon Overview and Level Annotations

Branches:
Dungeon (4/15)
 Temple: D:4-7

Altars:


Innate Abilities, Weirdness & Mutations

Spells you cast may paralyse adjacent enemies.


Message History

No target in view!
Things that are here:
a +0 club; an orc corpse
g - a scroll of fear
Items here: ( ) [ †.
Items here: ( ) [ †.
You hear the quick rusting of a distant drain.
Things that are here:
a +0 club; an orc corpse
There is an escape hatch in the floor here.
You slide downwards.
The hatch slams shut behind you.
Found an escape hatch in the ceiling.
A goblin comes into view. It is wielding a +0 club.
The goblin shouts!
You hear a shout!
You hear a bark!
Found an escape hatch in the floor.
A quokka and a scorpion come into view.
The goblin unwields a +0 club.
The goblin wields a +0 hunting sling.
The goblin shoots a stone.
The stone hits you.
An orc comes into view. It is wielding a +0 mace.
A ball python comes into view.
The ball python hisses angrily.
An orc comes into view.
It is wielding a +0 flail and wearing a +1 ring mail of fire resistance.
A jackal comes into view.
A jackal comes into view.
The orc shouts!
The jackal barks!
You hear a bark!
The goblin shoots a stone.
The stone hits you but does no damage.
You hear a shout!
Found 7 gold pieces.
An orc wizard comes into view. It is wielding a +0 dagger.
The orc wizard shouts!
The orc shouts!
The quokka completely misses you.
The goblin unwields a +0 hunting sling.
The goblin wields a +0 club.
The goblin hits you with a +0 club. The scorpion stings you!
The quokka bites you.
* * * LOW HITPOINT WARNING * * *
You hit the quokka but do no damage. You hit the scorpion but do no damage.
You hit the goblin.
An orc comes into view. It is wielding a +0 dagger.
The goblin hits you but does no damage. The scorpion closely misses you.
The quokka bites you.
You die...

...#### .... .##. ..
#####..##..#. ##.# .
.........#.$.##..# .o
.........#
#..#..####.o#
.........#
#...h....o.#
.........# #.#.S#.o..
.........# #...s.g#h#
.....<...#####..@r.>#
#####...........#####
####...............
##.....#.####.##
.......##.#
######.#..# #...##
#..## #..#


You could see a scorpion, an orc wizard, 3 orcs, a quokka, 2 jackals, a goblin
and a ball python.

Vanquished Creatures
  A worm (D:3)
  2 orcs (D:3)
  2 endoplasms (D:1)
  A giant cockroach (D:3)
  A goblin (D:3)
  2 hobgoblins (D:1)
  2 bats
  2 kobolds (D:1)
  4 rats
17 creatures vanquished.

Notes
Turn   | Place    | Note
-------+----------+-------------------------------------------
     0 | D:1      | rjrrt the Demonspawn Berserker began the quest for the Orb.
     0 | D:1      | Reached XP level 1. HP: 18/18 MP: 1/1
   324 | D:1      | Gained mutation: Spells you cast may paralyse adjacent
                  | enemies. [demonic ancestry]
   324 | D:1      | Reached XP level 2. HP: 23/24 MP: 2/2
   381 | D:2      | Found a faded altar of an unknown god.
   934 | D:4      | Noticed a scorpion
   939 | D:4      | Slain by a quokka

Illustrated notes

Levels and vault maps discovered:
D:1:      co_arrival_random_square_maze, layout_rooms, minmay_misc_feat_chi,
          minmay_misc_feat_x, minmay_misc_feat_nine_boxes,
          grunt_decor_one_mirror
D:2:      layout_loops_ring, hellmonk_ecumenical_altar_zigzags
D:3:      layout_basic, gup_sewer_entry_bubbles, glass_columns_a,
          item_on_display_a
D:4:      layout_rooms, lemuel_round_altar, lemuel_round_altar

Skill      XL: |  1 |
---------------+----+-----
Axes           | 3 |  3.7
Fighting       | |  3.0
Armour         | |  1.7
Dodging        | |  1.7

Action                   || total
-------------------------++-------
Melee: Hand axe          ||    54
Invok: Berserk           ||     1
  Use: Scroll            ||     2
Armor: Animal skin       ||    24
Dodge: Dodged            ||    58

Table legend: (Time is in decaauts)
 A = Elapsed time spent in this place.
 B = Non-inter-level travel time spent in this place.
 C = Inter-level travel time spent in this place.
 D = Time resting spent in this place.
 E = Time spent auto-exploring this place.
 F = Levels seen in this place.
 G = Mean time per level.
                   A        B        C        D        E       F      G
               +--------+--------+--------+--------+--------+-----+--------+
         Total |    960 |    960 |      0 |      0 |    673 |   4 |  240.0 |
       Dungeon |    960 |    960 |      0 |      0 |    673 |   4 |  240.0 |
               +--------+--------+--------+--------+--------+-----+--------+

Top non-repeatable levels by time:
     D:3: 511 daAuts
     D:1: 372 daAuts
     D:2: 58 daAuts
     D:4: 17 daAuts
